 Dungeon Crawl Stone Soup version 0.13-a0-1553-g7307ddf (webtiles) character file.

197 Kae the Chiller (level 4, 0/33 HPs)
             Began as a Draconian Ice Elementalist on June 10, 2013.
             Slain by Sigmund
             ... wielding a +2,+0 scythe
              (4 damage)
             ... on Level 2 of the Dungeon.
             The game lasted 00:02:02 (1259 turns).

Kae the Chiller (Draconian Ice Elementalist)        Turns: 1259, Time: 00:02:02

HP   0/33        AC 10     Str 11      XL: 4   Next: 22%
MP   0/7         EV 12     Int 16      God:
Gold 114         SH  0     Dex 11      Spells:  3 memorised,  0 levels left

Res.Fire  : . . .   See Invis. : .   (no weapon)
Res.Cold  : . . .   Warding    : .   (armour unavailable)
Life Prot.: . . .   Conserve   : .   (no shield)
Res.Poison: .       Res.Corr.  : .   (helmet restricted)
Res.Elec. : .       Clarity    : .   (no cloak)
Sust.Abil.: . .     Spirit.Shd : .   (no gloves)
Res.Mut.  : .       Stasis     : .   (no boots)
Res.Rott. : .       Flight     : .   (no amulet)
Saprovore : . . .                    (no ring)
                                     (no ring)

@: icy armour, very slightly contaminated, slightly resistant to hostile
enchantments, unstealthy
A: unfitting armour, AC +5
a: no special abilities


You were on level 2 of the Dungeon.
You were not hungry.

You visited 1 branch of the dungeon, and saw 2 of its levels.

You collected 94 gold pieces.

Inventory:

Comestibles
 c - 2 bread rations
 i - a choko
 o - a honeycomb
Scrolls
 d - a scroll of identify {unknown}
 e - a scroll of enchant weapon II {unknown}
 f - a scroll of curse weapon {unknown}
 n - a scroll of blinking {unknown}
Jewellery
 p - a cursed ring of sustenance {unknown}
Potions
 a - a potion of curing {unknown}
 g - a potion of might {unknown}
 h - a potion of brilliance {unknown}
 j - a potion of degeneration {unknown}
 k - a potion of slowing {unknown}
 m - a potion of paralysis {unknown}
Books
 b - a book of Frost

   Spells                             Type                      Level
   *Freeze                            Ice                          1
   *Throw Frost                       Conjuration/Ice              2
   *Ozocubu's Armour                  Charms/Ice                   3
   Throw Icicle                       Conjuration/Ice              4
   Summon Ice Beast                   Ice/Summoning                4
   Condensation Shield                Ice                          4


   Skills:
 - Level 1.7 Dodging
 - Level 1.7 Stealth
 + Level 1.8 Spellcasting
 * Level 2.6 Conjurations
 + Level 4.0 Ice Magic


You couldn't memorise any spells.
You knew the following spells:

 Your Spells              Type           Power        Failure   Level  Hunger
a - Freeze                Ice            ##..         6%          1    ##.....
b - Throw Frost           Conj/Ice       ##....       10%         2    ###....
c - Ozocubu's Armour      Chrm/Ice       #.........   34%         3    ####...


Dungeon Overview and Level Annotations

Branches:
Dungeon (2/27)

Altars:
Ashenzari

Annotations
D:2 Sigmund


Message History

Aim: Sigmund, wielding a scythe and wearing a robe (lightly wounded)
You freeze Sigmund.
Sigmund is moderately wounded.
Sigmund gestures wildly while chanting.
Sigmund flickers and vanishes!
Deactivating autopickup; reactivate with Ctrl-A.
Casting: Freeze
Confirm with . or Enter, or press ? or * to list all spells.
You can't see any susceptible monsters within range! (Use Z to cast anyway.)
Casting: Freeze
Confirm with . or Enter, or press ? or * to list all spells.
You can't see any susceptible monsters within range! (Use Z to cast anyway.)
Casting: Freeze
Confirm with . or Enter, or press ? or * to list all spells.
Aiming: Freeze
Press: ? - help, Shift-Dir - straight line You miscast Freeze.
You are very lightly contaminated with residual magic.
Nothing appears to happen.
It hits you.
You die...

#.##.# #......
#...... #.##.#
#.##### #...###
#.##.# #.# #...#_+
#....# #.# #...###
#.#### #.# #......
#.# ###.# ##.....
#.## #...#######.#
#..... ...#
#.#.##.{...#
###... ...#
#.#.##@# #### ...#
#.#.##.# #.##
#.#.##.# #.#
######.#.##.# #.#
#...........####.
#.#
#.####.#.........#
#.# #.###########
#.# #)# #.. #.#


There were no monsters in sight!

Vanquished Creatures
  6 adders (D:2)
  A worm (D:2)
  2 bats
  A hobgoblin (D:1)
  A quokka (D:2)
  3 goblins
  6 jackals
  3 kobolds
  4 rats
27 creatures vanquished.

Vanquished Creatures (others)
  A giant newt (D:2)
1 creature vanquished.

Grand Total: 28 creatures vanquished

Notes
Turn   | Place    | Note
--------------------------------------------------------------
     0 | D:1      | Kae, the Draconian Ice Elementalist, began the quest for the Orb.
     0 | D:1      | Reached XP level 1. HP: 14/14 MP: 3/3
   228 | D:1      | Reached XP level 2. HP: 12/20 MP: 4/4
   232 | D:1      | Learned a level 2 spell: Throw Frost
   741 | D:2      | Reached XP level 3. HP: 19/26 MP: 3/6
  1074 | D:2      | Found a shattered altar of Ashenzari.
  1169 | D:2      | Reached XP level 4. HP: 25/33 MP: 4/7
  1183 | D:2      | Learned a level 3 spell: Ozocubu's Armour
  1237 | D:2      | Reached skill level 4 in Ice Magic
  1248 | D:2      | Noticed Sigmund
  1259 | D:2      | Slain by Sigmund

Action                   |  1- 3 |  4- 6 || total
-------------------------+-------+-------++-------
Melee: Unarmed           |    72 |     6 ||    78
 Cast: Freeze            |    45 |     8 ||    53
       Ozocubu's Armour  |       |     1 ||     1
 Stab: Distracted        |     1 |       ||     1
